 Dungeon Crawl Stone Soup version 0.31-a0-267-g3fc6992b3b (webtiles) character file.

Game seed: 4885733300286201995

28 qw the Shooter (level 3, -5/21 HPs)
             Began as a Gargoyle Hexslinger on July 13, 2023.
             Killed from afar by Sigmund (8 damage)
             ... with a puff of flame
             ... on level 2 of the Dungeon.
             The game lasted 00:00:27 (1145 turns).

qw the Shooter (Gargoyle Hexslinger)                Turns: 1145, Time: 00:00:27

Health: -5/21      AC:  7    Str: 17    XL:     3   Next: 14%
Magic:  4/4        EV: 11    Int: 13    God:
Gold:   40         SH:  0    Dex: 14    Spells: 3/4 levels left

rFire   . . .        Y - +1 sling
rCold   . . .        (no shield)
rNeg    + . .        h - +0 leather armour
rPois   inf          (no helmet)
rElec   +            i - +0 cloak
rCorr   .            (no gloves)
SInv    .            (no boots)
Will    .....        (no amulet)
Stlth   +            n - +6 ring of strength
HPRegen 0.23/turn    (no ring)
MPRegen 0.09/turn

%: no passive effects
@: no status effects
A: sickness immunity, AC +3, negative energy resistance 1, electricity
resistance, torment resistance 1, petrification resistance
a: no special abilities


You were on level 2 of the Dungeon.
You visited 1 branch of the dungeon, and saw 2 of its levels.

You collected 40 gold pieces.


Innate Abilities, Weirdness & Mutations

You are immune to sickness and miasma.
Your stone body is resilient. (AC +3)
You are immune to poison.
You resist negative energy. (rN+)
You are resistant to electric shocks. (rElec)
You are resistant to unholy torment.
You are immune to petrification.


   Skills:
 - Level 2.0 Fighting
 + Level 3.1 Ranged Weapons
 - Level 1.5 Dodging
 - Level 1.0 Spellcasting
 - Level 2.6 Hexes


You had 3 spell levels left.
You knew the following spells:

 Your Spells              Type           Power      Damage    Failure   Level
a - Slow                  Hex            28%        N/A       12%         1

Your spell library contained the following spells:

 Spells                   Type           Power      Damage    Failure   Level
 Inner Flame              Hex/Fire       4%         N/A       52%         3
 Portal Projectile        Hex/Tloc       8%         N/A       52%         3
 Cause Fear               Hex            3%         N/A       75%         4

Inventory:

Hand Weapons
 Y - a +1 sling (weapon)
Armour
 h - a +0 leather armour (worn)
 i - a +0 cloak (worn)
Jewellery
 n - a +6 ring of strength (left hand)
Scrolls
 f - a scroll of teleportation
Potions
 d - a potion of haste {unknown}
 o - a potion of cancellation {unknown}

Dungeon Overview and Level Annotations

Branches:
Dungeon (2/15)

Altars:

Annotations:
D:2 Sigmund


Message History

Level annotation: Sigmund
There is a stone staircase leading up here.
Found a short sword.
Something hits you but does no damage.
Deactivating autopickup; reactivate with Ctrl-A.
Autopickup is now on.
You shoot a sling bullet. Something hits you.
Deactivating autopickup; reactivate with Ctrl-A.
You shoot a sling bullet.
You hear some strange, mumbled words.
A puff of flame appears from out of thin air!
The puff of flame hits you.
You shoot a sling bullet. Something completely misses you.
You shoot a sling bullet. Something hits you.
You shoot a sling bullet. You shoot a sling bullet.
Something hits you but does no damage.
You shoot a sling bullet.
You hear some strange, mumbled words.
A magic dart appears from out of thin air!
The magic dart hits you!
You hear some strange, mumbled words.
Something tries to affect you, but you resist.
You shoot a sling bullet. Something hits you.
You shoot a sling bullet. You shoot a sling bullet.
You hear a zap.
A puff of flame appears from out of thin air!
The puff of flame misses you. Something hits you.
You shoot a sling bullet. Something hits you but does no damage.
You shoot a sling bullet. You shoot a sling bullet.
You hear some strange, mumbled words.
A puff of flame appears from out of thin air!
The puff of flame hits you!
You die...

..... #.....
#......
###.......
#######.........
#...............
##........#.#....
.......<.@{..$...
..........#.#....
...#####........#
# ###......#
......# ......#
.)....# ......#


There were no monsters in sight!

Vanquished Creatures
  A worm (D:1)
  A dart slug (D:1)
  An endoplasm (D:1)
  2 giant cockroaches (D:1)
  2 goblins (D:1)
  3 hobgoblins (D:1)
  2 kobolds (D:1)
  2 quokkas (D:1)
  A ball python (D:1)
  4 bats (D:1)
  A frilled lizard (D:1)
  A rat (D:1)
21 creatures vanquished.

Notes
Turn   | Place    | Note
-------+----------+-------------------------------------------
     0 | D:1      | qw the Gargoyle Hexslinger began the quest for the Orb.
     0 | D:1      | Reached XP level 1. HP: 12/12 MP: 2/2
     0 | D:1      | 0 ||| qw: Version: 0.3-a-52-g30416fa
     0 | D:1      | 0 ||| qw: Game counter: 7774
     0 | D:1      | 0 ||| qw: Melee chars always use a shield: true
     0 | D:1      | 0 ||| qw: God list: Okawaru
     0 | D:1      | 0 ||| qw: Allow faded altars: false
     0 | D:1      | 0 ||| qw: Do Orc after clearing Dungeon:15 true
     0 | D:1      | 0 ||| qw: Do second Lair branch before Depths: true
     0 | D:1      | 0 ||| qw: Lair rune preference: random
     0 | D:1      | 0 ||| qw: Goals: Normal
     0 | D:1      | 0 ||| PLANNING D:1-11
   190 | D:1      | Reached XP level 2. HP: 16/16 MP: 3/3
   464 | D:1      | Reached skill level 3 in Ranged Weapons
   779 | D:1      | Reached XP level 3. HP: 21/21 MP: 4/4
   927 | D:1      | 927 ||| UPGRADING to +0 leather armour.
   937 | D:1      | 937 ||| DROPPING +0 robe.
   938 | D:1      | 938 ||| UPGRADING to +0 cloak.
   943 | D:1      | 943 ||| UPGRADING to +6 ring of strength.
   944 | D:1      | 944 ||| READING scroll labelled UVIOCE ATYMOMA.
   945 | D:1      | 945 ||| READING 2 scrolls labelled AXONKO SOROVOU.
   950 | D:1      | 950 ||| READING scroll labelled POANOEX HEVAOS.
   951 | D:1      | 951 ||| READING scroll labelled GIODGHA KAMIUDA.
   952 | D:1      | 952 ||| READING scroll labelled UMODECRI YCVANYI.
  1053 | D:1      | 1053 ||| READING scroll labelled WEJECO YSTRAICEKOUJ.
  1054 | D:1      | 1054 ||| READING scroll labelled YKHUNOVE LAEZ.
  1055 | D:1      | 1055 ||| DRINKING 2 murky cyan potions.
  1056 | D:1      | 1056 ||| DRINKING 2 lumpy emerald potions.
  1057 | D:1      | 1057 ||| DROPPING scroll of poison.
  1058 | D:1      | 1058 ||| DROPPING potion of invisibility.
  1068 | D:2      | Noticed Sigmund
  1071 | D:2      | 1071 ||| STAIRDANCE
  1089 | D:2      | 1089 ||| STAIRDANCE
  1126 | D:2      | 1126 ||| STAIRDANCE
  1128 | D:1      | 1128 ||| DRINKING potion of curing.
  1128 | D:1      | 1128 ||| (to cure confusion)
  1140 | D:2      | HP: 4/21 [something (3)]
  1145 | D:2      | Killed from afar by Sigmund

Levels and vault maps discovered:
D:1:      matt_arrival_diagonals, layout_loops_corners, serial_park_tiny_2,
          minmay_pentomino_s2
D:2:      layout_rooms, serial_shops, shop, serial_glass, glass_columns_a,
          glass_columns_a, uniq_natasha, uniq_sigmund

Skill      XL: |  1  2 |
---------------+-------+-----
Ranged Weapons | 3 |  3.1
Fighting       | 2 |  2.0
Dodging        | |  1.5
Spellcasting   | |  1.0
Hexes          | |  2.6

Action                     || total
---------------------------++-------
   Fire: Sling             ||    97
    Use: Scroll            ||     7
         Potion            ||     3
 Armour: Robe              ||    13
         Leather armour    ||    10
  Dodge: Dodged            ||    42

Table legend:
 A = Non-vault XP
 B = Vault XP
 C = Vault XP percentage of total XP
 D = Non-vault monster count
 E = Vault monster count
 F = Vault count percentage of total count
                 A         B        C        D         E       F
            +---------+---------+-------+---------+---------+-------
      Total |      38 |       3 |   7.3 |      19 |       2 |   9.5
            +---------+---------+-------+---------+---------+-------
        D:1 |      38 |       3 |   7.3 |      19 |       2 |   9.5
            +---------+---------+-------+---------+---------+-------
